 Dungeon Crawl Stone Soup version 0.23-a0-94-g44dc95ea49 (webtiles) character file.

110 MrRokkomies the Twirler (level 5, 0/39 HPs)
             Began as a Human Wanderer on Aug 16, 2018.
             Was a Believer of Uskayaw.
             Slain by a bullfrog zombie (2 damage)
             ... on level 4 of the Dungeon.
             The game lasted 00:04:48 (2546 turns).

MrRokkomies the Twirler (Human Wanderer)            Turns: 2546, Time: 00:04:48

Health: 0/39       AC:  6    Str: 13    XL:     5   Next: 14%
Magic:  6/6        EV: 10    Int: 10    God:    Uskayaw [**....]
Gold:   115        SH:  0    Dex: 15    Spells: 6/6 levels left

rFire    + . .     SeeInvis .   b - +1 quarterstaff
rCold    . . .     Gourm    .   (shield currently unavailable)
rNeg     . . .     Faith    .   n - +2 leather armour {rF+}
rPois    .         Spirit   .   (no helmet)
rElec    .         Reflect  .   k - +0 cloak
rCorr    .         Harm     .   (no gloves)
MR       .....                  (no boots)
Stlth    ++........             (no amulet)
HPRegen  0.13/turn              (no ring)
MPRegen  0.10/turn              (no ring)

@: no status effects
A: no striking features
a: Stomp, Line Pass, Renounce Religion


You were on level 4 of the Dungeon.
You worshipped Uskayaw.
Uskayaw was noncommittal.
You were not hungry.

You visited 1 branch of the dungeon, and saw 4 of its levels.

You collected 115 gold pieces.

Inventory:

Hand Weapons
 b - a +1 quarterstaff (weapon)
Missiles
 a - 21 poisoned needles
 i - 105 stones (quivered)
Armour
 k - a +0 cloak (worn)
 n - a +2 leather armour of fire resistance (worn)
Scrolls
 e - 5 scrolls of teleportation
Potions
 c - a potion of magic {unknown}
 d - a potion of heal wounds {unknown}
 g - a potion of lignification {unknown}
 h - a potion of invisibility {unknown}
 l - 2 potions of agility {unknown}
 m - 2 potions of flight {unknown}
Comestibles
 f - 3 rations


   Skills:
 * Level 2.4 Fighting
 * Level 3.8 Staves
 - Level 1.0 Stealth
   Level 1.0 Shields
 - Level 1.0 Spellcasting
   Level 1.0 Earth Magic
   Level 3.0 Poison Magic
   Level 1.0 Evocations


You had 6 spell levels left.
You didn't know any spells.
Your spell library contained the following spells:

 Spells                   Type           Power        Failure   Level  Hunger
 Sting                    Conj/Pois      #...         24%         1    ##.....
 Stone Arrow              Conj/Erth      #.....       71%         3    ####...
 Spider Form              Tmut/Pois      #.........   56%         3    ####...
 Passwall                 Tmut/Erth      #.......     47%         2    ###....
 Lee's Rapid Deconstruct  Erth           #.........   100%        5    ######.
 Sandblast                Erth           #.....       28%         1    ##.....
 Petrify                  Tmut/Erth      #.......     98%         4    #####..


Dungeon Overview and Level Annotations

Branches:
Dungeon (4/15)
 Temple: D:4-7

Altars:
Makhleb
Uskayaw

Annotations:
D:4 1 transporter, blobbo's ghost, amateur SpEn


Message History

You hit the bullfrog zombie.
The bullfrog zombie is heavily damaged.
The bullfrog zombie closely misses you. The bullfrog zombie hits you.
* * * LOW HITPOINT WARNING * * *
You hit the bullfrog zombie.
The bullfrog zombie is heavily damaged.
The bullfrog zombie closely misses you.
You can now pass through a line of other dancers.
You hit the bullfrog zombie.
The bullfrog zombie is severely damaged.
The bullfrog zombie hits you but does no damage.
You barely miss the bullfrog zombie.
The bullfrog zombie is severely damaged.
The bullfrog zombie hits you but does no damage.
The bullfrog zombie hits you.
* * * LOW HITPOINT WARNING * * *
You barely miss the bullfrog zombie.
The bullfrog zombie is severely damaged.
The bullfrog zombie hits you.
You die...

. ....##########...
......Z@.........
....#####.######
....## #.# #.#######
......##.### #.......#
#.........###.......#
#.........#.........#
###......#.#.#.......#
...............#######
#####..#...#.....#


You could see a bullfrog zombie.

Vanquished Creatures
  A hound (D:4)
  2 adders
  A worm (D:3)
  2 dart slugs (D:1)
  2 leopard geckos
  5 orcs (D:3)
  A ball python (D:2)
  7 bats
  2 giant cockroaches (D:3)
  3 goblins (D:1)
  4 hobgoblins
  8 kobolds
  5 frilled lizards
  7 rats
50 creatures vanquished.

Notes
Turn   | Place    | Note
-------+----------+-------------------------------------------
     0 | D:1      | MrRokkomies the Human Wanderer began the quest for the Orb.
     0 | D:1      | MrRokkomies set off with: a +0 quarterstaff, a +0 robe, a ration
     0 | D:1      | Reached XP level 1. HP: 15/15 MP: 2/2
   329 | D:1      | Reached XP level 2. HP: 20/21 MP: 3/3
   767 | D:1      | Reached XP level 3. HP: 14/27 MP: 4/4
  1231 | D:2      | Found a hide-covered altar of Uskayaw.
  1338 | D:2      | Became a worshipper of Uskayaw the Reveler
  1354 | D:2      | Reached * piety under Uskayaw
  1356 | D:2      | Reached ** piety under Uskayaw
  1383 | D:2      | Found a burning altar of Makhleb.
  1569 | D:2      | Reached XP level 4. HP: 33/33 MP: 5/5
  1682 | D:3      | Reached *** piety under Uskayaw
  2493 | D:4      | Reached XP level 5. HP: 21/39 MP: 6/6
  2507 | D:4      | Noticed blobbo's ghost (amateur SpEn)
  2521 | D:4      | Found a transporter.
  2546 | D:4      | Slain by a bullfrog zombie

Vault maps used:
D:1:      lightli_arrival_maybe_door_vault
D:2:      lemuel_crystal_altar, lemuel_doored_altar
D:4:      nicolae_overflow_crystal_walls, nicolae_dithmenos_shadow_blocks,
          gammafunk_ghost_stat_death, cheibrodos_sewer_entry_bend,
          uniq_blork_the_orc

Skill      XL: |  1  2  3  4 |
---------------+-------------+-----
Staves         | 2 3 |  3.8
Fighting       | 2 |  2.4
Stealth        | |  1.0
Shields        | |  1.0
Spellcasting   | |  1.0
Earth Magic    | |  1.0
Poison Magic   | |  3.0
Evocations     | |  1.0

Action                   |  1- 3 |  4- 6 || total
-------------------------+-------+-------++-------
Melee: Quarterstaff      |   107 |    47 ||   154
  Use: Scroll            |     5 |     2 ||     7
 Stab: Sleeping          |     1 |     2 ||     3
       Paralysed         |       |     1 ||     1
  Eat: Chunk             |     2 |     3 ||     5
Armor: Robe              |     6 |       ||     6
       Ring mail         |    37 |    15 ||    52
       Leather armour    |       |     8 ||     8
Dodge: Dodged            |    73 |    34 ||   107

Table legend:
 A = Non-vault XP
 B = Vault XP
 C = Vault XP percentage of total XP
 D = Non-vault monster count
 E = Vault monster count
 F = Vault count percentage of total count
 G = Total turns spent on level
                 A         B        C        D         E       F
            +---------+---------+-------+---------+---------+-------
      Total |     158 |       0 |   0.0 |      50 |       0 |   0.0
            +---------+---------+-------+---------+---------+-------
        D:1 |      36 |       0 |   0.0 |      21 |       0 |   0.0
        D:2 |      33 |       0 |   0.0 |      13 |       0 |   0.0
        D:3 |      34 |       0 |   0.0 |      14 |       0 |   0.0
        D:4 |      55 |       0 |   0.0 |       2 |       0 |   0.0
            +---------+---------+-------+---------+---------+-------
